 Dungeon Crawl Stone Soup version 0.31.0-11-ge490571c62 (webtiles) character file.

Game seed: 2003133778323934759

173 monsoonserge the Shooter (level 5, -1/25 HPs)
             Began as a Spriggan Hexslinger on Jan 30, 2024.
             Slain by an adder (3 damage)
             ... on level 4 of the Dungeon.
             The game lasted 00:07:37 (1373 turns).

monsoonserge the Shooter (Spriggan Hexslinger)      Turns: 1373, Time: 00:07:37

Health: -1/25      AC:  3    Str:  4    XL:     5   Next: 28%
Magic:  8/8        EV: 18    Int: 14    God:
Gold:   195        SH:  0    Dex: 20    Spells: 2/7 levels left

rFire   . . .        a - +1 sling
rCold   . . .        (no shield)
rNeg    . . .        c - +0 robe
rPois   .            (helmet restricted)
rElec   .            g - +0 cloak
rCorr   .            (gloves unavailable)
SInv    +            (boots unavailable)
Will    .....        (no amulet)
Stlth   ++           (no ring)
HPRegen 0.24/turn    (no ring)
MPRegen 0.11/turn

%: no passive effects
@: very quick
A: very small, no large weapons, unfitting armour, see invisible, speed 3
a: no special abilities


You were on level 4 of the Dungeon.
You visited 1 branch of the dungeon, and saw 4 of its levels.

You collected 195 gold pieces.

Inventory:

Hand Weapons
 a - a +1 sling (weapon)
Armour
 c - a +0 robe (worn)
 g - a +0 cloak (worn)
Talismans
 d - a talisman of death
Wands
 k - a wand of flame (9)
 l - a wand of paralysis (11)
Scrolls
 b - 2 scrolls of poison
 f - a scroll of revelation {unknown}
 i - a scroll of identify {unknown}
 j - a scroll of immolation {unknown}
 n - a scroll of vulnerability {unknown}
Potions
 e - 3 potions of curing {unknown}
 h - 2 potions of enlightenment {unknown}
 m - a potion of brilliance {unknown}


   Skills:
 + Level 1.2 Fighting
 * Level 4.8 Ranged Weapons
 + Level 2.9 Dodging
 + Level 0.4 Stealth
 + Level 1.7 Spellcasting
 + Level 4.2 Hexes
 * Level 0.9 Fire Magic


You had 2 spell levels left.
You knew the following spells:

 Your Spells              Type           Power      Damage    Failure   Level
a - Jinxbite              Hex            26%        N/A       6%          2
b - Inner Flame           Hex/Fire       8%         N/A       26%         3

Your spell library contained the following spells:

 Spells                   Type           Power      Damage    Failure   Level
 Magic Dart               Conj           4%         1d3       24%         1
 Searing Ray              Conj           2%         2d4       36%         2
 Sigil of Binding         Hex            13%        N/A       13%         3
 Cause Fear               Hex            6%         N/A       38%         4
 Dimensional Bullseye     Hex/Tloc       3%         N/A       71%         4
 Fulminant Prism          Conj/Alch      0%         3d5       94%         4


Dungeon Overview and Level Annotations

Branches:
Dungeon (4/15)
 Temple: D:4-7

Altars:
Yredelemnul


Innate Abilities, Weirdness & Mutations

You are very small and have problems with some larger weapons.
You are too small for most types of armour.
You have supernaturally acute eyesight. (SInv)
You cover ground extremely quickly. (Speed+++)


Message History

Fire: a) +1 sling
Press: ? - help, Q - select action, (/) - cycle Shift-Dir - straight line, f/p - orc wizard
Aim: an orc wizard, wielding a +0 dagger and wearing a +0 robe (56% to hit)
You shoot a sling bullet.
The sling bullet closely misses the orc wizard.
The adder misses you. The orc wizard barely misses you.
Fire: a) +1 sling
Press: ? - help, Q - select action, (/) - cycle Shift-Dir - straight line, f/p - orc wizard
Aim: an orc wizard, wielding a +0 dagger and wearing a +0 robe (56% to hit)
You shoot a sling bullet. The sling bullet hits the orc wizard.
The orc wizard is moderately wounded.
The adder bites you but does no damage. The orc wizard barely misses you.
The adder barely misses you.
Fire: a) +1 sling
Press: ? - help, Q - select action, (/) - cycle Shift-Dir - straight line, f - orc priest, p - orc wizard
Aim: an orc priest, wielding a +0 dagger (wandering, hasn't noticed you, 63% to hit)
You shoot a sling bullet.
The sling bullet barely misses the orc wizard.
The orc priest shouts!
The sling bullet hits the orc priest.
The orc priest is heavily wounded.
The orc wizard hits you with a +0 dagger.
* * * LOW HITPOINT WARNING * * *
The adder bites you.
* * * LOW HITPOINT WARNING * * *
The orc wizard misses you.
Fire: a) +1 sling
Press: ? - help, Q - select action, (/) - cycle Shift-Dir - straight line You shoot a sling bullet.
The sling bullet hits the orc wizard!
The orc wizard is severely wounded.
You hear an angry hiss.
The adder bites you but does no damage. The adder completely misses you.
The orc wizard barely misses you.
Fire: a) +1 sling
Press: ? - help, Q - select action, (/) - cycle Shift-Dir - straight line, f - orc wizard
Aim: an orc wizard, wielding a +0 dagger and wearing a +0 robe (severely wounded, 56% to hit)
You shoot a sling bullet.
The sling bullet barely misses the orc wizard.
The adder bites you.
You die...

..... #.#...###..##
..... #.##.......#
....##....####.##
......l....# #.#
####........# .#
#...........#
..#####.###.......#
........#####.#####
.........rS@o.#
..#############


You could see an orc wizard, an adder and a quokka.

Vanquished Creatures
  A jelly (D:3)
  Jessica (D:2)
  4 adders
  A dart slug (D:1)
  A ribbon worm (D:2)
  5 orcs (D:3)
  A ball python (D:1)
  8 endoplasms
  3 giant cockroaches
  6 goblins
  4 hobgoblins
  7 jackals
  6 quokkas
  6 bats
  4 kobolds
  9 rats
67 creatures vanquished.

Notes
Turn   | Place    | Note
-------+----------+-------------------------------------------
     0 | D:1      | monsoonserge the Spriggan Hexslinger began the quest for
                  | the Orb.
     0 | D:1      | Reached XP level 1. HP: 9/9 MP: 3/3
    49 | D:1      | Reached skill level 1 in Fighting
   180 | D:1      | Reached XP level 2. HP: 14/14 MP: 5/5
   517 | D:2      | Learned a level 2 spell: Jinxbite
   590 | D:2      | Reached XP level 3. HP: 18/18 MP: 1/6
   642 | D:2      | Noticed Jessica
   645 | D:2      | Killed Jessica
   648 | D:2      | Reached XP level 4. HP: 22/22 MP: 2/7
  1017 | D:3      | Reached XP level 5. HP: 22/25 MP: 2/8
  1023 | D:3      | Learned a level 3 spell: Inner Flame
  1050 | D:3      | Identified the staff "Rauseow" {rPois rCorr Int-5 Dex+3
                  | SInv Alchemy}
  1155 | D:3      | Found a basalt altar of Yredelemnul.
  1373 | D:4      | Slain by an adder

Illustrated notes

Levels and vault maps discovered:
D:1:      scummos_arrival_simple_fountains, layout_basic,
          minmay_misc_feat_pillars
D:2:      layout_basic, uniq_jessica
D:3:      cheibrodos_pilgrimage, layout_loops_ring,
          mainiacjoe_overflow_surrounded_room, minmay_close_crescents
D:4:      layout_basic

Skill      XL: |  1  2  3  4 |
---------------+-------------+-----
Fighting       | 1 |  1.2
Hexes          | 4 |  4.2
Ranged Weapons | 3 4 |  4.8
Dodging        | |  2.9
Stealth        | |  0.4
Spellcasting   | |  1.7
Fire Magic     | |  0.9

Action                     |  1- 3 |  4- 6 || total
---------------------------+-------+-------++-------
   Fire: Sling             |    60 |   110 ||   170
   Cast: Jinxbite          |     3 |    10 ||    13
 Armour: Robe              |     7 |    23 ||    30
  Dodge: Dodged            |    24 |    50 ||    74
